 Dungeon Crawl Stone Soup version 0.14-a0-226-gcf818b1 (webtiles) character file.

22140 Malachi the Bludgeoner (level 12, -3/114 HPs)
             Began as a Troll Berserker on Oct 10, 2013.
             Was a High Priest of Trog.
             Slain by a seven-headed hydra (5 damage)
             ... on Level 4 of the Lair of Beasts.
             The game lasted 00:37:16 (12097 turns).

Malachi the Bludgeoner (Troll Berserker)           Turns: 12097, Time: 00:37:16

HP  -3/114       AC  8     Str 25 (29) XL: 12   Next: 56%
MP   4/4         EV 13     Int  3      God: Trog [*****.]
Gold 425         SH  0     Dex 12      Spells:  0 memorised, 11 levels left

Res.Fire  : . . .   See Invis. : .   y - +4,+6 giant spiked club
Res.Cold  : + . .   Warding    : .   S - +0 troll leather armour
Life Prot.: + . .   Conserve   : .   (shield restricted)
Res.Poison: +       Res.Corr.  : +   L - +0 wizard hat
Res.Elec. : .       Clarity    : .   K - +0 cloak
Sust.Abil.: . .     Spirit.Shd : .   (gloves unavailable)
Res.Mut.  : .       Stasis     : .   (boots unavailable)
Res.Rott. : .       Flight     : .   a - amulet of resist corrosion
Gourmand  : +                        r - +2 ring of protection
                                     m - ring of positive energy

@: somewhat resistant to hostile enchantments, very unstealthy
A: unfitting armour, claws 3, hooves 1, breathe flames 1, cold resistance 1,
deformed body, fast metabolism 3, gourmand, poison resistance, regeneration 2,
saprovore 2, tough skin 2, AC +1
a: Burn Spellbooks, Berserk, Trog's Hand, Brothers in Arms, Renounce Religion,
Breathe Fire


You were on level 4 of the Lair of Beasts.
You worshipped Trog.
Trog was extremely pleased with you.
You were not hungry.

You visited 2 branches of the dungeon, and saw 16 of its levels.

You collected 781 gold pieces.
You spent 376 gold pieces at shops.

Inventory:

Hand weapons
 y - a +4,+6 giant spiked club (weapon)
 G - a +1,+1 whip of electrocution
 M - a +1,+1 anti-magic dire flail
 Q - a +0,+5 dire flail of holy wrath
 T - a +1,+2 great mace of distortion
Armour
 B - a +1 wizard hat
 K - a +0 cloak (worn)
 L - a +0 wizard hat (worn)
 S - a +0 troll leather armour (worn)
 Y - a +2 robe of magic resistance
Magical devices
 d - a wand of lightning (4)
 f - a wand of fireball (1)
 i - a wand of lightning (12)
 q - a wand of flame (14)
 s - a wand of lightning (6)
 F - a wand of disintegration (8)
 P - a wand of frost (6) {unknown}
 U - a wand of teleportation (1)
 W - a wand of cold (11)
Comestibles
 c - 7 meat rations
 h - 2 chokos
 n - 10 bread rations
 o - a royal jelly
 E - a honeycomb
 J - a pear
 V - an apple
Scrolls
 b - 3 scrolls of magic mapping
 e - 8 scrolls of remove curse
 g - 3 scrolls of blinking
 j - a scroll of summoning
 k - 8 scrolls of teleportation
 A - 6 scrolls of identify
 C - 2 scrolls of fear
Jewellery
 a - an amulet of resist corrosion (around neck)
 m - a ring of positive energy (left claw)
 p - an uncursed ring of magical power
 r - a +2 ring of protection (right claw)
 t - an uncursed amulet of resist mutation
 w - an uncursed amulet of warding
 z - an uncursed ring of invisibility
Potions
 l - 7 potions of heal wounds
 u - a potion of invisibility
 v - 4 potions of flight
 N - a potion of berserk rage
 O - a potion of speed
 R - a potion of agility
 X - a potion of restore abilities
Books
 x - a book of Geomancy

   Spells                             Type                      Level
   Sandblast                          Earth                        1
   Stoneskin                          Transmutation/Earth          2
   Passwall                           Transmutation/Earth          3
   Stone Arrow                        Conjuration/Earth            3
   Petrify                            Transmutation/Earth          4
   Lee's Rapid Deconstruction         Earth                        5
   Trog disapproves of the use of such an item.
 I - a book of the Tempests

   Spells                             Type                      Level
   Static Discharge                   Conjuration/Air              3
   Lightning Bolt                     Conjuration/Air              5
   Fireball                           Conjuration/Fire             5
   Tornado                            Air                          9
   Shatter                            Earth                        9
   Trog disapproves of the use of such an item.


   Skills:
 + Level 6.5 Fighting
 * Level 15.0 Maces & Flails
 + Level 3.8 Armour
 + Level 8.5 Dodging
 - Level 0.1 Evocations


You had 11 spell levels left.
You didn't know any spells.

Dungeon Overview and Level Annotations

Branches:
Dungeon (12/27)            Temple (0/1) D:5             Orc (0/4) D:8
   Lair (4/8) D:11          Swamp (0/5) Lair:4       Spider (0/5) Lair:4

Altars:
Elyvilon
Fedhas
Kikubaaqudgha
Nemelex Xobeh
Zin

Shops:
D:8 *[+(*}   D:9 ?


Innate Abilities, Weirdness & Mutations

You are too large for most types of armour.
You have claws for hands.
Your metabolism is lightning-fast.
You like to eat raw meat.
You heal very quickly.
You can eat rotten meat.
You are covered in fur (AC +1).
You have very tough skin (AC +2).
You have large cloven feet.
You can breathe flames.
Your flesh is cold resistant.
Armour fits poorly on your strangely shaped body.
Your system is resistant to poisons.


Message History

No target in view!
No target in view!
Found a scroll of remove curse.
You see here a crocodile corpse.
You start butchering the crocodile corpse with your claws.
You continue butchering the corpse.
The seven-headed hydra bites you.
You stop butchering the corpse.
The seven-headed hydra bites you.
The seven-headed hydra barely misses you.
The seven-headed hydra bites you!
* * * LOW HITPOINT WARNING * * *
The seven-headed hydra bites you!
* * * LOW HITPOINT WARNING * * *
The seven-headed hydra barely misses you.
The seven-headed hydra bites you!
* * * LOW HITPOINT WARNING * * *
The seven-headed hydra bites you!
* * * LOW HITPOINT WARNING * * *
The seven-headed hydra bites you.
You die...

. . ... ...># ...#.
#..#.#. ...§§§
f......
...§§§####......
...§§§§.##.#P.# .
.....§.fD%.....#...
.?P...#@...........
... ##....##.#.....
# #.........#+.#..
#.....##........
#...P.#..........
##.............P..
##....#.)#+..##.
#...........#
#....#......#


You could see a seven-headed hydra.

Vanquished Creatures
  Harold (D:11)
  Josephine (D:11)
  3 hydras
  The ghost of Malachi the Basher, an experienced TrBe of Trog (D:9)
  Erolcha (D:12)
  Pikel (D:8)
  A hill giant (D:12)
  An unseen horror (D:12)
  Joseph (D:7)
  A griffon (Lair:3)
  Maurice (D:10)
  A feature mimic (D:11)
  2 black mambas
  4 komodo dragons
  A fire drake (D:11)
  A hydra zombie (D:11)
  A two-headed ogre (D:10)
  2 trolls
  A basilisk (D:12)
  A trapdoor spider (D:12)
  2 slime creatures
  A wraith (D:11)
  2 wyverns (D:9)
  2 hippogriffs
  A hungry ghost (D:7)
  Eustachio (D:9)
  10 yaks
  A hill giant skeleton (D:9)
  Edmund (D:7)
  2 manticores
  3 necrophages (D:7)
  A yellow wasp (D:12)
  3 porcupines
  4 ogres
  3 orc warriors
  9 centaurs
  4 ice beasts
  A brain worm (D:11)
  2 giant slugs (Lair:3)
  4 water moccasins
  7 crocodiles
  12 giant frogs
  2 eyes of draining
  8 jellies
  A troll zombie (D:7)
  13 wights
  A troll skeleton (D:11)
  2 yak skeletons
  3 crimson imps
  4 hounds
  A quasit (D:7)
  A giant frog zombie (D:9)
  A big fish (D:4)
  2 giant frog skeletons
  9 orc priests
  A two-headed ogre zombie (D:12)
  Crazy Yiuf (D:7)
  A two-headed ogre skeleton (D:7)
  4 iguanas
  9 orc wizards
  11 sheep
  4 scorpions
  15 worker ants
  3 human zombies (D:7)
  2 big kobold zombies
  An ogre zombie (D:11)
  A mottled dragon zombie (D:12)
  An ogre skeleton (D:4)
  2 mummies (D:7)
  A hound skeleton (D:11)
  3 worker ant zombies
  A giant centipede (Lair:2)
  10 green rats (Lair:2)
  A big kobold simulacrum (D:11)
  13 adders
  4 gnolls (D:9)
  2 goliath beetle zombies (D:7)
  3 worms
  An iguana zombie (D:11)
  An adder skeleton (D:4)
  A giant eyeball (D:4)
  17 oozes
  2 giant geckos
  38 orcs
  A ball python (D:5)
  10 bats
  A bat skeleton (D:4)
  4 giant cockroaches
  16 hobgoblins
  12 jackals
  10 quokkas
  A giant gecko skeleton (D:7)
  4 giant newts
  A giant newt skeleton (D:4)
  7 goblins
  A hobgoblin skeleton (D:4)
  A hobgoblin zombie (D:7)
  13 kobolds
  A kobold skeleton (D:5)
  A kobold zombie (D:6)
  An orc zombie (D:7)
  11 rats
  4 rat zombies
  A plant (Lair:3)
406 creatures vanquished.

Vanquished Creatures (collateral kills)
  A hill giant (D:11)
  A crimson imp (D:11)
2 creatures vanquished.

Vanquished Creatures (others)
  A two-headed ogre (Lair:1)
  A giant frog (D:8)
  3 fungi
5 creatures vanquished.

Grand Total: 413 creatures vanquished

Notes
Turn   | Place    | Note
--------------------------------------------------------------
     0 | D:1      | Malachi, the Troll Berserker, began the quest for the Orb.
     0 | D:1      | Reached XP level 1. HP: 23/23 MP: 0/0
   278 | D:1      | Reached XP level 2. HP: 22/31 MP: 0/0
   405 | D:1      | Reached skill level 3 in Maces & Flails
  1484 | D:3      | Reached XP level 3. HP: 13/39 MP: 1/1
  1574 | D:3      | Noticed a giant frog
  1582 | D:3      | Killed a giant frog
  1582 | D:3      | Reached XP level 4. HP: 30/46 MP: 1/1
  1641 | D:3      | Acquired Trog's second power
  2043 | D:3      | Reached skill level 4 in Dodging
  2043 | D:3      | Reached XP level 5. HP: 51/53 MP: 1/1
  2273 | D:4      | Found a glowing drain.
  2325 | D:4      | Reached skill level 5 in Maces & Flails
  2325 | D:4      | Reached XP level 6. HP: 26/62 MP: 2/2
  2373 | D:4      | Gained mutation: Armour fits poorly on your strangely shaped body. [potion of mutation]
  2373 | D:4      | Gained mutation: You can breathe flames. [potion of mutation]
  2373 | D:4      | Gained mutation: You have large cloven feet. [potion of mutation]
  2374 | D:4      | Gained mutation: Your flesh is cold resistant. [potion of mutation]
  2374 | D:4      | Gained mutation: Your system is resistant to poisons. [potion of mutation]
  2542 | D:4      | Noticed an ogre
  2552 | D:4      | Killed an ogre
  2553 | D:4      | Reached skill level 6 in Maces & Flails
  2558 | D:4      | Reached XP level 7. HP: 30/68 MP: 2/2
  3140 | D:5      | Entered Level 5 of the Dungeon
  3169 | D:5      | Found a staircase to the Ecumenical Temple.
  3226 | D:5      | Reached skill level 7 in Maces & Flails
  3334 | D:5      | Found a white marble altar of Elyvilon.
  3334 | D:5      | Found a glowing silver altar of Zin.
  3523 | D:5      | Found a blossoming altar of Fedhas.
  3739 | D:6      | Reached XP level 8. HP: 74/78 MP: 2/2
  3788 | D:6      | Reached skill level 8 in Maces & Flails
  4088 | D:6      | Found an ancient bone altar of Kikubaaqudgha.
  4199 | D:6      | Found a sparkling altar of Nemelex Xobeh.
  4332 | D:7      | Reached skill level 9 in Maces & Flails
  4333 | D:7      | Acquired Trog's third power
  4580 | D:7      | Reached skill level 10 in Maces & Flails
  4676 | D:7      | Reached XP level 9. HP: 79/84 MP: 3/3
  4736 | D:7      | Found an ancient bone altar of Kikubaaqudgha.
  4882 | D:7      | Reached skill level 11 in Maces & Flails
  4967 | D:7      | Noticed Edmund
  4973 | D:7      | Killed Edmund
  5081 | D:7      | Noticed Crazy Yiuf
  5085 | D:7      | Killed Crazy Yiuf
  5203 | D:7      | Noticed Joseph
  5210 | D:7      | Killed Joseph
  5210 | D:7      | Reached skill level 12 in Maces & Flails
  5413 | D:8      | Found Ihiak's Assorted Antiques.
  5422 | D:8      | Bought a scroll labeled PSYEHU SOSCHA for 28 gold pieces
  5425 | D:8      | Bought a scroll labeled DAEFYTHR LEREM for 28 gold pieces
  5427 | D:8      | Bought a scroll labeled JEIJYK FASHO for 28 gold pieces
  5429 | D:8      | Bought a lumpy pink potion for 25 gold pieces
  5437 | D:8      | Bought a potion of heal wounds for 84 gold pieces
  5437 | D:8      | Bought an embroidered orcish robe for 14 gold pieces
  5492 | D:8      | Reached XP level 10. HP: 85/93 MP: 3/3
  5523 | D:8      | Found Iqyl's Antique Armour Emporium.
  5528 | D:8      | Bought a wizard hat for 92 gold pieces
  5557 | D:8      | Found a staircase to the Orcish Mines.
  5557 | D:8      | Found Arerruim's Weapon Shop.
  5644 | D:8      | Found Liarphom's Gadget Shop.
  5689 | D:8      | Noticed Pikel
  5697 | D:8      | Killed Pikel
  5697 | D:8      | Reached skill level 5 in Dodging
  5703 | D:8      | Found Sueptui's General Store.
  5894 | D:8      | Found Qodaoheu's Book Shoppe.
  6231 | D:9      | Noticed Eustachio
  6232 | D:9      | Found Esiufink's Magic Scroll Boutique.
  6244 | D:9      | Killed Eustachio
  6267 | D:9      | Bought a scroll of enchant weapon II for 77 gold pieces
  6562 | D:9      | Noticed Malachi's ghost (experienced TrBe)
  6571 | D:9      | Killed Malachi's ghost
  6898 | D:10     | Entered Level 10 of the Dungeon
  7087 | D:10     | Reached skill level 13 in Maces & Flails
  7439 | D:10     | Noticed Maurice
  7455 | D:10     | Killed Maurice
  7655 | D:11     | Received a gift from Trog
  7655 | D:11     | Reached XP level 11. HP: 102/102 MP: 0/3
  7657 | D:11     | Reached skill level 5 in Fighting
  7688 | D:11     | Found a staircase to the Lair.
  7710 | D:11     | Noticed a hill giant
  7726 | D:11     | Killed a hill giant
  7861 | D:11     | Noticed Harold
  7868 | D:11     | Killed Harold
  7899 | D:11     | Lost intelligence.
  8100 | D:11     | Paralysed by you for 4 turns
  8235 | D:11     | Noticed Josephine
  8247 | D:11     | Killed Josephine
  8247 | D:11     | Reached skill level 1 in Armour
  8779 | D:12     | Noticed a hill giant
  8787 | D:12     | Killed a hill giant
  8877 | D:12     | Reached skill level 14 in Maces & Flails
  9255 | D:12     | Noticed Erolcha
  9258 | D:12     | Killed Erolcha
  9483 | D:12     | Killed an unseen horror
  9483 | D:12     | Reached XP level 12. HP: 43/114 MP: 4/4
  9832 | Lair:1   | Entered Level 1 of the Lair of Beasts
 10104 | Lair:1   | Received a gift from Trog
 10425 | Lair:2   | Noticed a six-headed hydra
 10429 | Lair:2   | Noticed a six-headed hydra
 10619 | Lair:1   | Killed a six-headed hydra
 10725 | Lair:2   | Killed a six-headed hydra
 11468 | Lair:3   | Noticed a five-headed hydra
 11472 | Lair:3   | Killed a five-headed hydra
 12015 | Lair:3   | Reached skill level 15 in Maces & Flails
 12077 | Lair:4   | Noticed a seven-headed hydra
 12078 | Lair:4   | Found a staircase to the Swamp.
 12081 | Lair:4   | Found a hole to the Spider Nest.
 12097 | Lair:4   | HP: 2/114 [seven-headed hydra (9)]
 12097 | Lair:4   | Slain by a seven-headed hydra

Action                   |  1- 3 |  4- 6 |  7- 9 | 10-12 || total
-------------------------+-------+-------+-------+-------++-------
Melee: Mace              |    91 |   160 |       |       ||   251
       Giant spiked club |       |       |   333 |   540 ||   873
       Whip              |       |       |       |     2 ||     2
Invok: Berserk           |     1 |     3 |     3 |    13 ||    20
       Brothers in Arms  |       |       |       |     2 ||     2
       Trog's Hand       |       |       |       |     2 ||     2
 Abil: Breathe Fire      |       |       |     2 |       ||     2
Evoke: Wand              |       |       |     2 |     8 ||    10
  Use: Scroll            |     1 |       |    22 |    12 ||    35
       Potion            |       |     6 |     8 |    10 ||    24
 Stab: Sleeping          |       |       |     1 |       ||     1
